 Dungeon Crawl Stone Soup version 0.31-a0-750-gfe7b580527 (webtiles) character file.

Game seed: 582045574402866276

31 Zonian the Covered (level 3, -4/33 HPs)
             Began as an Armataur Fighter on Sept 15, 2023.
             Slain by Robin
             ... wielding a +1 mace of protection
              (5 damage)
             ... on level 2 of the Dungeon.
             The game lasted 00:01:15 (735 turns).

Zonian the Covered (Armataur Fighter)                Turns: 735, Time: 00:01:15

Health: -4/33      AC:  7    Str: 23    XL:     3   Next: 7%
Magic:  3/3        EV:  7    Int:  8    God:
Gold:   74         SH:  4    Dex:  9    Spells: 2/2 levels left

rFire   . . .        a - +0 long sword
rCold   . . .        c - +0 buckler
rNeg    . . .        b - +0 scale mail
rPois   .            (no helmet)
rElec   .            (no cloak)
rCorr   .            (no gloves)
SInv    .            (no barding)
Will    .....        (no amulet) Stlth
                     (no ring)
HPRegen 0.25/turn    (no ring)
MPRegen 0.08/turn

%: roll
@: hasted, very quick
A: large, rugged brown scales 3, deformed body, armoured tail, roll, long
tongue, awkward tongue
a: no special abilities


You were on level 2 of the Dungeon.
You visited 1 branch of the dungeon, and saw 2 of its levels.

You collected 74 gold pieces.

Inventory:

Hand Weapons
 a - a +0 long sword (weapon)
Armour
 b - a +0 scale mail (worn)
 c - a +0 buckler (worn)
 j - a +0 pair of gloves
Scrolls
 h - a scroll of vulnerability {unknown}
 i - a scroll of enchant weapon {unknown}
Potions
 d - a potion of might
 e - a potion of curing {unknown}
 f - a potion of cancellation {unknown}


   Skills:
 + Level 3.0 Fighting
 + Level 2.2 Long Blades
 + Level 4.0 Armour
 + Level 3.6 Shields


You had 2 spell levels left.
You didn't know any spells.
Your spell library was empty.

Dungeon Overview and Level Annotations

Branches:
Dungeon (2/15)

Altars:

Annotations:
D:2 Robin


Innate Abilities, Weirdness & Mutations

You are completely covered in rugged brown scales. (AC +3, +7% HP)
Armour fits poorly on your strangely shaped body.
You have a long armoured tail.
You roll when moving toward enemies. (Rampage)
Your long tongue fully drains potion bottles. (2x potion effects)
Your tongue gives you trouble enunciating. (1.5x scroll delay)


Message History

The hobgoblin is almost dead.
The hobgoblin closely misses you. You block the hobgoblin's attack.
A goblin comes into view. It is wielding a +0 dagger.
You hit the hobgoblin.
You kill the hobgoblin!
The goblin no longer looks unusually strong.
Robin roars a battlecry!
The goblin goes into a battle-frenzy!
You completely miss the goblin.
Your tail-slap misses the goblin.
Robin throws the goblin at you! The goblin hits you with a +0 dagger.
You roll towards Robin!
You barely miss Robin. Robin closely misses you.
The goblin attacks as it pursues you! The goblin hits you but does no damage.
Robin closely misses you. The goblin barely misses you.
You hit Robin but do no damage. You tail-slap Robin.
Robin is moderately wounded.
Robin hits you but does no damage. The goblin closely misses you.
You barely miss Robin.
Robin is moderately wounded.
Robin zaps a wand.
The puff of flame misses you.
The puff of flame hits the goblin!
The goblin dies!
You slash Robin! You tail-slap Robin, but do no damage.
Robin is severely wounded.
Robin barely misses you.
Robin hits you with a +1 mace of protection.
You closely miss Robin.
Robin is severely wounded.
Robin barely misses you.
You hit Robin but do no damage.
Robin is severely wounded.
Robin zaps a wand.
The puff of flame hits you.
You hit Robin but do no damage.
Robin is severely wounded.
You block Robin's attack.
Robin zaps a wand.
The puff of flame hits you!
* * * LOW HITPOINT WARNING * * *
It was a potion of haste.
You feel yourself speed up.
You slurp down every last drop of the potion of haste!
Robin hits you with a +1 mace of protection.
You die...
Robin calls out, "Let's celebrate!
Time for a feast!"

### ..# #.# #.# #.### #.#..
#.#.# ## #)#.# .
##.#####@#.#.##
......).g#.#..# #.#
##.#...#?.....# #.#
.#.#.#.#.#..# #.# # .#
#.#.#.#..# #.#
##########.#.#.#.#.#..# #.#
'..........#.#.#.#.#..# #.#
###..........#.#.#.#..###.##
####......#..#.#.#.........#


You could see Robin.

Vanquished Creatures
  2 ball pythons (D:2)
  3 endoplasms (D:1)
  7 goblins
  8 hobgoblins
  A quokka (D:1)
  A bat (D:1)
  A frilled lizard (D:1)
  A kobold (D:1)
  A rat (D:1)
25 creatures vanquished.

Vanquished Creatures (others)
  A goblin (D:2)
1 creature vanquished.

Grand Total: 26 creatures vanquished

Notes
Turn   | Place    | Note
-------+----------+-------------------------------------------
     0 | D:1      | Zonian the Armataur Fighter began the quest for the Orb.
     0 | D:1      | Reached XP level 1. HP: 19/19 MP: 1/1
   320 | D:1      | Reached XP level 2. HP: 19/26 MP: 2/2
   672 | D:2      | Noticed Robin
   708 | D:2      | Reached skill level 4 in Armour
   723 | D:2      | Reached XP level 3. HP: 19/33 MP: 3/3
   734 | D:2      | HP: 1/33 [Robin/puff of flame (9)]
   735 | D:2      | Slain by Robin

Illustrated notes

Levels and vault maps discovered:
D:1:      grunt_arrival_lava_bath, layout_basic, chequers_avenue
D:2:      cheibrodos_pilgrimage, layout_basic, uniq_robin

Skill      XL: |  1  2 |
---------------+-------+-----
Long Blades    | 2 |  2.2
Fighting       | 3 |  3.0
Armour         | 4 |  4.0
Shields        | |  3.6

Action                     || total
---------------------------++-------
  Melee: Long sword        ||    84
         Tailslap          ||    13
    Use: Potion            ||     1
 Armour: Scale mail        ||    54
  Dodge: Dodged            ||    28
  Block: Buckler           ||    18

Table legend: (Time is in decaauts)
 A = Elapsed time spent in this place.
 B = Non-inter-level travel time spent in this place.
 C = Inter-level travel time spent in this place.
 D = Time resting spent in this place.
 E = Time spent auto-exploring this place.
 F = Levels seen in this place.
 G = Mean time per level.
                   A        B        C        D        E       F      G
               +--------+--------+--------+--------+--------+-----+--------+
         Total |    763 |    754 |      9 |      0 |    584 |   2 |  381.5 |
       Dungeon |    763 |    754 |      9 |      0 |    584 |   2 |  381.5 |
               +--------+--------+--------+--------+--------+-----+--------+

Top non-repeatable levels by time:
     D:1: 576 daAuts
     D:2: 186 daAuts
